 Dungeon Crawl Stone Soup version 0.29-a0-653-gd47aff6735 (webtiles) character file.

Game seed: 8968332529491794175

23 avis the Chiller (level 2, 0/23 HPs)
             Began as a Demigod Ice Elementalist on June 21, 2022.
             Slain by Robin
             ... wielding a +0 spear
              (5 damage)
             ... on level 2 of the Dungeon.
             The game lasted 00:04:50 (1108 turns).

avis the Chiller (Demigod Ice Elementalist)         Turns: 1108, Time: 00:04:51

Health: 0/23       AC:  2    Str:  9    XL:     2   Next: 57%
Magic:  16/16      EV: 12    Int: 17    God:
Gold:   93         SH:  0    Dex: 14    Spells: 4/5 levels left

rFire   . . .      SeeInvis .   b - +0 dagger (venom)
rCold   . . .      Faith    .   (no shield)
rNeg    . . .      Spirit   .   a - +0 robe
rPois   .          Reflect  .   (no helmet)
rElec   .          Harm     .   (no cloak)
rCorr   .          Rampage  .   (no gloves)
Will    .....                   (no boots)
Stlth   ++........              (no amulet)
HPRegen 0.07/turn               h - ring of magical power
MPRegen 0.15/turn               (no ring)

@: no status effects
A: high MP 1, forlorn, divine attributes
a: no special abilities


You were on level 2 of the Dungeon.
You visited 1 branch of the dungeon, and saw 2 of its levels.

You collected 93 gold pieces.

Inventory:

Hand Weapons
 b - a +0 dagger of venom (weapon)
 f - a +0 short sword
Armour
 a - a +0 robe (worn)
Jewellery
 h - a ring of magical power (left hand)
Scrolls
 d - a scroll of teleportation {unknown}
 e - 3 scrolls of identify {unknown}
 g - 2 scrolls of fog {unknown}
 j - 2 scrolls of poison {unknown}
 k - a scroll of noise {unknown}
Potions
 c - a potion of magic
 l - a potion of might {unknown}


   Skills:
 * Level 1.2 Fighting
 - Level 1.8 Dodging
 - Level 1.8 Stealth
 - Level 2.0 Spellcasting
 - Level 4.0 Ice Magic


You had 4 spell levels left.
You knew the following spells:

 Your Spells              Type           Power      Damage    Failure   Level
a - Freeze                Ice            60%        1d8       3%          1

Your spell library contained the following spells:

 Spells                   Type           Power      Damage    Failure   Level
 Frozen Ramparts          Ice            30%        1d5       11%         3
 Ozocubu's Armour         Ice            15%        N/A       11%         3
 Hailstorm                Conj/Ice       8%         3d4       63%         4


Dungeon Overview and Level Annotations

Branches:
Dungeon (2/15)

Annotations:
D:2 Robin


Innate Abilities, Weirdness & Mutations

You have an increased reservoir of magic. (+10% MP)
You shall have no god before yourself.
Your divine heritage dramatically boosts your attributes as you level up.


Message History

Training target 2.0 for Spellcasting reached!
Your Spellcasting skill increases to level 2!
You need to enable at least one skill for training.
You hit the hobgoblin.
The hobgoblin is poisoned.
The hobgoblin is moderately wounded.
The hobgoblin closely misses you. The hobgoblin barely misses you.
Robin of the Strong Arm comes into view.
They are wielding a +0 spear.
You closely miss the hobgoblin.
The hobgoblin is severely wounded.
The hobgoblin barely misses you. The hobgoblin hits you.
You hit the hobgoblin.
You kill the hobgoblin! x2
A hobgoblin comes into view.
Robin throws the goblin at you! The goblin hits you with a +0 club.
You hit the goblin.
The goblin is poisoned.
The goblin is severely wounded.
The goblin barely misses you. The goblin attacks as you move away!
The goblin hits you but does no damage. The hobgoblin misses you.
Robin hits you with a +0 spear.
You hit Robin.
Robin is poisoned.
Robin is lightly wounded.
A goblin comes into view. It is wielding a +0 dagger.
The hobgoblin hits you. Robin closely misses you.
The goblin hits you but does no damage.
The goblin shouts!
You hit Robin.
Robin is moderately wounded.
The goblin closely misses you.
You hit Robin but do no damage.
Robin looks as sick as possible!
Robin is moderately wounded.
A goblin comes into view. It is wielding a +0 dagger.
The hobgoblin hits you.
Robin roars a battlecry!
The goblins go into a battle-frenzy!
The goblin hits you with a +0 club.
* * * LOW HITPOINT WARNING * * *
It was a potion of cancellation.
You feel magically purged.
You kill the goblin!
Robin hits you with a +0 spear.
You die...

#.# #.# #.#
#####.#
#.....#
#.##### #.#
####
#)#....#
#@g.#
#.....gg###
........g
##.._..###
#.....
#.!...
######


You could see Robin (extremely poisoned), a hobgoblin (strong) and 2 goblins.

Vanquished Creatures
  A dart slug (D:1)
  2 endoplasms (D:1)
  A giant cockroach (D:1)
  2 goblins
  4 hobgoblins
  4 kobolds (D:1)
  2 quokkas
  A ball python (D:1)
  2 bats (D:1)
  A frilled lizard (D:1)
20 creatures vanquished.

Notes
Turn   | Place    | Note
-------+----------+-------------------------------------------
     0 | D:1      | avis the Demigod Ice Elementalist began the quest for the
                  | Orb.
     0 | D:1      | Reached XP level 1. HP: 14/14 MP: 5/5
   121 | D:1      | Reached skill level 4 in Ice Magic
   401 | D:1      | Reached XP level 2. HP: 11/20 MP: 4/7
   623 | D:1      | Reached skill level 1 in Fighting
  1100 | D:2      | Noticed Robin
  1108 | D:2      | Slain by Robin

Illustrated notes

Levels and vault maps discovered:
D:1:      tarquinn_simple_flora_water_f, layout_rooms,
          ebering_ecumenical_altar_rust
D:2:      layout_basic, basic_altar, minmay_misc_feat_columns,
          nicolae_elevator_lobby_plus, uniq_robin

Skill      XL: |  1  2 |
---------------+-------+-----
Ice Magic      | 4 |  4.0
Fighting       | 1 |  1.2
Spellcasting   | 2 |  2.0
Dodging        | |  1.8
Stealth        | |  1.8

Action                   || total
-------------------------++-------
Melee: Dagger            ||    44
 Cast: Freeze            ||     7
  Use: Potion            ||     1
 Stab: Sleeping          ||     1
Armor: Robe              ||     7
Dodge: Dodged            ||    41

Table legend: (Time is in decaauts)
 A = Elapsed time spent in this place.
 B = Non-inter-level travel time spent in this place.
 C = Inter-level travel time spent in this place.
 D = Time resting spent in this place.
 E = Time spent auto-exploring this place.
 F = Levels seen in this place.
 G = Mean time per level.
                   A        B        C        D        E       F      G
               +--------+--------+--------+--------+--------+-----+--------+
         Total |   1109 |   1074 |     35 |    502 |    292 |   2 |  554.5 |
       Dungeon |   1109 |   1074 |     35 |    502 |    292 |   2 |  554.5 |
               +--------+--------+--------+--------+--------+-----+--------+

Top non-repeatable levels by time:
     D:1: 952 daAuts
     D:2: 156 daAuts
